[Event "*** Titled Tuesday 3|2 Blitz"]
[Site "Chess.com"]
[Date "2017.05.02"]
[Round "10"]
[White "TheNextLevelFan"]
[Black "DryCounty"]
[Result "1/2-1/2"]
[WhiteElo "2399"]
[BlackElo "2463"]
[TimeControl "180+2"]
[EndTime "15:18:30 PDT"]
[Termination "Game drawn by agreement"]

1. d4 Nf6 2. c4 g6 3. Nc3 Bg7 4.
e4 O-O 5. Nf3 d6 6. h3 a6 7. Be3 Nbd7 8. Be2 c5 9. d5 b5 10. Qc2 b4 11. Nb1 Nxe4 12. O-O Nef6 13. a4 a5 14. Nbd2 Nb6 15. Rad1 Bf5 16. Qb3 Bd7 17. Ra1 Qe8 18. Bd1 e6 19. dxe6 Bxe6 20. Re1 d5 21. Bxc5 dxc4 22. Qc2 b3 23. Qc1 Qd7 24.
Bxb6 Rfc8 25. Bd4 Nd5 26. Bxg7 Kxg7 27. Ne4 Bf5 28. Nc3 Nb4 29. Ne5 Qd6 30. Bf3 Rab8 31.
g4 Bc2 32. Qf4 Rd8 33. g5 f6 34. gxf6+ Qxf6 35. Qxf6+ Kxf6 36. Nc6 Nxc6 37. Bxc6 Rd2 38.
Re2 Rxe2 39. Nxe2 Rd8 40. Bb5 Bd3 41. Nf4 Rd4 42. Nxd3 cxd3 43. Rd1 d2 44. Kf1 Ke5 45. Ke2 Rh4 46. Rxd2 Rxh3 47. Rd3 Rh2 48. Rxb3 g5 49. Bd7 h5 50. Rb5+ Kd6 51. Rxg5 Kxd7 52. Rxa5 h4 53. Rh5 Rh1 54. b4 h3 55. Kf3 h2 56. Kg2 Rb1 57. b5 Rb4 58. a5 Rb2 59. Kxh2 Rxf2+ 60. Kg3 Rb2 61. a6 Kc7 62. Rh7+ Kb8 63. Rh8+ Ka7 64. Rh7+ Ka8 65. Rh5 Rb4 66. Kf3 Ka7 67. Ke3 Kb6 68. Kd3 Rb1 69. Kc3 Rc1+ 70. Kb2 Rf1 71.
Rh7 Kxb5 72. a7 Rf8 73. Rb7+ Ka6 74. Rb8 Rf2+ 75. Kc3 Kxa7 1/2-1/2

[Event "*** Titled Tuesday 3|2 Blitz"]
[Site "Chess.com"]
[Date "2017.05.02"]
[Round "10"]
[White "Alexander_Donchenko"]
[Black "grzechu96"]
[Result "0-1"]
[WhiteElo "2506"]
[BlackElo "2404"]
[TimeControl "180+2"]
[EndTime "15:19:03 PDT"]
[Termination "grzechu96 won by resignation"]

1. Nf3 Nf6 2. c4 g6 3. Nc3 d5 4. cxd5 Nxd5 5. h4 Bg7 6. e4 Nxc3 7. dxc3 Qxd1+ 8. Kxd1 O-O 9. h5 Bg4 10. Kc2 Bxh5 11.
Nd4 Bg4 12. f3 Bd7 13. Bc4 Nc6 14. Nxc6 Bxc6 15. Bf4 Rac8 16. a4 Rfd8 17. b4 Be8 18. Be3 a6 19. Bd5 c6 20. Bc4 b5 21.
Bb3 Be5 22. axb5 cxb5 23. Bc5 Bd6 24. Rxa6 Bxc5 25. bxc5 Rxc5 26. Kb2 Rd2+ 27. Ka3 Kg7 28. Kb4 Rc7 29. Rg1 Bd7 30. Rb6 Rb2 31. Ka3 Re2 32. Kb4 Re3 33. Rc1 Re2 34. Rg1 Rb2 35. Ka3 Rd2 36.
Kb4 h5 37. e5 Re2 38. e6 fxe6 39. g3 Re3 40. Rd1 Rcxc3 41. Ba2 Rc7 42. Rb8 Rxf3 43. Rd8 Bc6 44. Bxe6 Rxg3 45. Ka5 Be4 46. Rf1 Rf3 47. Re1 Bf5 48. Bd5 e6 49. Bxf3 Rc3 50. Bd1 Rc1 51.
Kxb5 h4 52. Rh1 h3 53. Kb4 g5 54. Kb3 g4 55. Kb2 Rb1+ 56. Ka2 g3 57. Rg1 g2 58. Rd2 Rb4 59. Bf3 Be4 60. Ka3 Bxf3 61. Kxb4 Kh6 62. Rf2 h2 63. Rgxg2 Bxg2 64. Rxg2 h1=Q 65. Re2 Qb7+ 66.
Kc3 Qc6+ 67. Kd4 Qd5+ 68. Ke3 Kg6 69. Rf2 Qc5+ 70. Ke2 Kg5 71. Rf7 Qc4+ 72. Ke3 Qc5+ 73. Ke4 Qd5+ 74. Ke3 Kg6 75. Rf2 Qc5+ 76. Ke2 Qb5+ 77.
Ke3 Qb3+ 78. Ke4 Qb7+ 79. Ke3 Kg5 80. Rf1 Qb3+ 81. Kd2 Qb2+ 82. Ke3 Qc3+ 83. Ke2 Qc4+ 84. Ke1 Qxf1+ 85. Kxf1 Kf4 86. Ke1 Ke3 87. Kd1 e5 88.
Ke1 e4 89. Kf1 Kd2 0-1

[Event "*** Titled Tuesday 3|2 Blitz"]
[Site "Chess.com"]
[Date "2017.05.02"]
[Round "10"]
[White "JusticeBot"]
[Black "aa175"]
[Result "1-0"]
[WhiteElo "2490"]
[BlackElo "1828"]
[TimeControl "180+2"]
[EndTime "15:24:19 PDT"]
[Termination "JusticeBot won by checkmate"]

1. e4 e5 2. Nf3 Nc6 3. Bc4 Bc5 4.
b4 Bxb4 5. c3 Bc5 6. d4 exd4 7. cxd4 Bb4+ 8. Nbd2 Nf6 9. e5 Ne4 10. d5 Nxe5 11. Nxe5 Qf6 12. O-O Qxe5 13. Nxe4 Qxe4 14. Ba3 Qxc4 15. Re1+ Kd8 16. Qf3 Bxa3 17. Qxa3 d6 18. Qf3 Bd7 19. Qxf7 c6 20. Re7 Qg4 21. h3 Qf5 22. Qxg7 Kc7 23. g4 Rhg8 24. gxf5 Rxg7+ 25. Rxg7 h5 26. Re1 cxd5 27. Ree7 Rd8 28.
f6 d4 29. f7 d3 30. Rxd7+ Kb6 31. Rxd8 d2 32. Rxd6+ Kc5 33. Rxd2 Kc6 34. f8=Q Kb5 35. Qa3 Kb6 36. Rxb7+ Kxb7 37. Rd6 Ka8 38. Qa6 Kb8 39. Rc6 Ka8 40. Kg2 Kb8 41. Kg3 Ka8 42. Kh4 Kb8 43.
Kxh5 Ka8 44. Kg5 Kb8 45. h4 Ka8 46. h5 Kb8 47. h6 Ka8 48. h7 Kb8 49. f4 Ka8 50. f5 Kb8 51. f6 Ka8 52. f7 Kb8 53.
Kg6 Ka8 54. Kg7 Kb8 55. Kg8 Ka8 56. h8=N Kb8 57. Ng6 Ka8 58. Kg7 Kb8 59. Kf6 Ka8 60. a4 Kb8 61. a5 Ka8 62. Ne5 Kb8 63. Nc4 Ka8 64. Ne3 Kb8 65. Ng2 Ka8 66. Ke7 Kb8 67.
Ke8 Ka8 68. f8=B Kb8 69. Qc4 Ka8 70. a6 Kb8 71. Kf7 Ka8 72. Ke6 Kb8 73. Kd5 Ka8 74.
Kc5 Kb8 75. Kb5 Ka8 76. Bc5 Kb8 77. Rc8+ Kxc8 78. Qf4 Kd8 79. Qf7 Kc8 80. Bxa7 Kd8 81. Kc6 Kc8 82. Ne3 Kd8 83. Nc4 Kc8 84. Nb6+ Kd8 85.
Qe8+ Kxe8 86. Bb8 Kf7 87. a7 Ke6 88. a8=N Kf5 89. Nc7 Ke4 90. Nb5 Kd3 91. Kc5 Ke4 92. Kb4 Kd3 93. Bh2 Ke4 94. Nd6+ Kd3 95. Kc5 Ke3 96.
Nd5+ Kd3 97. Bf4 Ke2 98. Kd4 Kf3 99. Be3 Ke2 100. Ke4 Kd1 101. Kd3 Ke1 102. Nf4 Kf1 103. Ne4 Ke1 104. Ng3 Kd1 105. Nh3 Ke1 106. Bd2+ Kd1 107. Bc3 Kc1 108. Nf2 Kb1 109. Ne2 Ka2 110. Kc2 Ka3 111. Nd4 Ka4 112. Nd3 Ka3 113. Nc5 Ka2 114. Bb4 Ka1 115. Ndb3+ Ka2 116. Nc1+ Ka1 117. Ne2 Ka2 118. Na6 Ka1 119. Nc7 Ka2 120. Ne8 Ka1 121. Ng7 Ka2 122. Nh5 Ka1 123. Nhg3 Ka2 124. Nf1 Ka1 125. Nd2 Ka2 126. Bc3 Ka3 127. Kd3 Ka4 128. Kc4 Ka3 129. Kb5 Ka2 130. Nb1 Kxb1 131. Nd4 Kc1 132. Kc4 Kd1 133. Kd3 Kc1 134. Ke2 Kb1 135. Kd2 Ka2 136. Kc2 Ka3 137. Kd3 Ka4 138. Kc4 Ka3 139. Kb5 Ka2 140. Kb4 Kb1 141. Bd2 Kb2 142. Be3 Kb1 143. Kb3 Ka1 144. Bf4 Kb1 145. Bg5 Ka1 146. Bh6 Kb1 147. Be3 Ka1 148. Nc2+ Kb1 149. Na3+ Ka1 150. Nb5 Kb1 151. Bh6 Ka1 152. Bg5 Kb1 153. Na3+ Ka1 154. Bf6# 1-0

[Event "*** Titled Tuesday 3|2 Blitz"]
[Site "Chess.com"]
[Date "2017.05.02"]
[Round "10"]
[White "jcibarra"]
[Black "biostatistician"]
[Result "1/2-1/2"]
[WhiteElo "2639"]
[BlackElo "2436"]
[TimeControl "180+2"]
[EndTime "15:27:44 PDT"]
[Termination "Game drawn - insufficient material"]

1. e4 e6 2. d4 d5 3. Bd3 dxe4 4.
Bxe4 Nf6 5. Bf3 Nbd7 6. Ne2 e5 7. O-O Bd6 8. Ng3 O-O 9. Nf5 Nb6 10. Nxd6 cxd6 11. Nc3 Re8 12. Re1 Bf5 13. Bxb7 Rb8 14. Bc6 Rf8 15. Bg5 h6 16. dxe5 hxg5 17. exf6 Qxf6 18. Bd5 Rfe8 19. Bb3 Re5 20. Qd2 Rbe8 21. Rxe5 Qxe5 22. Rd1 Nd7 23. h3 g4 24. Qxd6 gxh3 25. Qxe5 Nxe5 26. f3 g5 27. Nd5 Kg7 28. Kf2 hxg2 29.
Kxg2 g4 30. fxg4 Nxg4 31. Kg3 Re2 32. Rd4 Ne5 33. Nf4 Re3+ 34. Kf2 Ng4+ 35. Kf1 Be4 36. Ne2 f5 37. Bd5 Nh2+ 38. Kf2 Ng4+ 39. Kf1 Nh2+ 40. Kf2 Rf3+ 41. Ke1 Rf1+ 42. Kd2 Nf3+ 43. Ke3 Nxd4 44. Bxe4 Nxe2 45. Kxe2 Rb1 46. Bxf5 Rxb2 47. a4 Ra2 48. Kd3 Rxa4 49. Be6 Kf6 50. Bb3 Rh4 51. Kc3 Ke5 52. Kb2 Kd4 53. c3+ Kd3 54. Bc2+ Kc4 55.
Bb3+ Kd3 56. Bc2+ Kd2 57. Bb3 Rh2 58. Bc4 Rh7 59. Kb3 Rb7+ 60. Ka4 Kxc3 61. Bd5 Rb6 62. Ka5 Kd4 63. Bg2 Kc5 64. Ba8 Rh6 65. Be4 Re6 66.
Ba8 Rb6 67. Be4 Kd6 68. Ba8 Kc7 69. Be4 Re6 70. Bf3 Kb8 71. Kb5 Rb6+ 72. Ka5 Rf6 73. Be4 a6 74. Bg2 Ka7 75. Kb4 Kb6 76. Bd5 a5+ 77. Ka3 Rf4 78. Be6 Re4 79. Bg8 Kb5 80. Bf7 Re3+ 81. Kb2 Kb4 82. Bg8 Re2+ 83. Kb1 Ka3 84.
Bf7 Rb2+ 85. Kc1 Rb7 86. Be6 Rb6 87. Bf7 Rb2 88. Be6 Re2 89. Bf7 Re1+ 90. Kc2 Rf1 91. Be6 a4 92. Bd5 Rf2+ 93. Kb1 Kb4 94. Be6 Kc3 95.
Bd5 Rb2+ 96. Ka1 Rb5 97. Bf7 Rb7 98. Be6 Re7 99. Bd5 Kb4 100. Kb2 Re2+ 101. Kb1 Ka3 102.
Bf7 Rf2 103. Be6 Rb2+ 104. Kc1 Rb6 105. Bf7 Rf6 106. Bg8 Rc6+ 107. Kb1 Rg6 108. Bf7 Rg7 109. Be6 Rg1+ 110. Kc2 Kb4 111. Kb2 Rg2+ 112. Kb1 Kc3 113. Bf7 Rf2 114. Be6 Kb4 115. Bg8 Rg2 116. Bf7 Rf2 117. Be6 a3 118. Bg8 Kc3 119. Bd5 Rd2 120. Bf7 a2+ 121. Ka1 Rf2 122. Bxa2 Kc2 123. Bb1+ Kb3 124. Bh7 Ra2+ 125. Kb1 Rh2 126. Bg8+ Kc3 127. Ka1 Rh1+ 128. Ka2 Rh8 129. Bf7 Ra8+ 130. Kb1 Rb8+ 131. Ka2 Rb6 132. Bg8 Rb7 133. Be6 Re7 134. Bd5 Kc2 135. Bb3+ Kc3 136. Bg8 Ra7+ 137. Kb1 Rb7+ 138. Ka1 Kc2 139. Ba2 Rb6 140. Bg8 Rb1+ 141. Ka2 Rb7 142. Ka1 Rb1+ 143. Ka2 Rb8 144. Bh7+ Kc3 145. Ka1 Rh8 146. Bb1 Rh2 147. Bg6 Kb3 148. Bf7+ Ka3 149. Kb1 Rf2 150. Be6 Kb4 151. Bg8 Kc3 152. Ka1 Rf1+ 153. Ka2 Rg1 154. Bf7 Kc2 155. Bb3+ Kd3 156. Bf7 Kc3 157. Be6 Rg6 158. Bf7 Rf6 159. Bg8 Rf8 160. Be6 Ra8+ 161. Kb1 Re8 162. Bf7 Re5 163. Ka1 Ra5+ 164. Kb1 Rf5 165. Be6 Rf6 166. Bg8 Rf2 167. Ka1 Kc2 168. Bh7+ Kb3 169. Bg8+ Ka3 170. Kb1 Rg2 171. Bf7 Rg7 172. Be6 Kb4 173. Kb2 Rg2+ 174. Kb1 Kc3 175. Bf5 Rb2+ 176. Ka1 Kb3 177. Be6+ Ka3 178. Bf5 Rf2 179. Bb1 Rg2 180. Be4 Re2 181. Bh7 Rf2 182. Kb1 Kb3 183. Bg8+ Kc3 184. Bh7 Rf7 185. Bg6 Rg7 186. Bf5 Rg2 187. Ka1 Kb3 188. Be6+ Ka3 189. Bf5 Rf2 190. Bb1 Kb3 191. Bh7 Rf1+ 192. Bb1 Rf7 193. Ba2+ Kc3 194. Bxf7 1/2-1/2